 Dungeon Crawl Stone Soup version 0.27.1-3-gb3d3a73c9e (webtiles) character file.

Game seed: 9783623609575093759

630 Gabide the Slasher (level 7, -8/54 HPs)
             Began as a Demonspawn Chaos Knight on Oct 15, 2021.
             Was a Plaything of Xom.
             Splashed by an acid dragon's acid (15 damage)
             ... on level 4 of the Dungeon.
             The game lasted 00:15:44 (3966 turns).

Gabide the Slasher (Demonspawn Chaos Knight)        Turns: 3966, Time: 00:15:44

Health: -8/54      AC:  7    Str: 13 (14) XL:     7   Next: 24%
Magic:  7/7        EV: 12    Int: 20 (21) God:    Xom [....*.]
Gold:   186        SH:  0    Dex: 14 (15) Spells: 6/6 levels left

rFire    . . .     SeeInvis .   a - +0 falchion (chaos)
rCold    . . .     Faith    .   (no shield)
rNeg     + . .     Spirit   .   b - +2 leather armour
rPois    .         Reflect  .   (no helmet)
rElec    .         Harm     .   e - +0 cloak
rCorr    .         Rampage  .   f - +0 pair of gloves
Will     .....                  (no boots)
Stlth    +.........             (no amulet)
HPRegen  0.18/turn              d - ring of positive energy
MPRegen  0.10/turn              c - +6 ring of intelligence

@: invisible
A: foul stench 1, spiny 1, big brain 1, hooves 1, agile 1
a: Renounce Religion


You were on level 4 of the Dungeon.
You worshipped Xom.
You were a beloved toy of Xom.
You visited 1 branch of the dungeon, and saw 5 of its levels.

You collected 186 gold pieces.

Inventory:

Hand Weapons
 a - a +0 falchion of chaos (weapon)
Armour
 b - a +2 leather armour (worn)
 e - a +0 cloak (worn)
 f - a +0 pair of gloves (worn)
 j - a +0 buckler
 m - a +0 robe
Magical Staves
 n - a staff of cold
Jewellery
 c - a +6 ring of intelligence (right hand)
 d - a ring of positive energy (left hand)
Wands
 k - a wand of polymorph (4)
 q - a wand of iceblast (6)
Potions
 h - 2 potions of brilliance
 p - a potion of lignification {unknown}


   Skills:
 + Level 4.0 Fighting
 + Level 5.9 Long Blades
 + Level 3.1 Armour
 * Level 3.0 Dodging
 + Level 0.7 Unarmed Combat


You had 6 spell levels left.
You didn't know any spells.
Your spell library contained the following spells:

 Spells                   Type           Power      Damage    Failure   Level
 Sublimation of Blood     Necr           0%         N/A       36%         2
 Wereblood                Tmut           0%         N/A       36%         2
 Summon Hydra             Summ           0%         N/A       100%        7


Dungeon Overview and Level Annotations

Branches:
Dungeon (5/15)
 Temple: D:4-7

Altars:
Dithmenos
Trog
Vehumet
Xom

Shops:
D:2 =   D:3 :

Annotations:
D:4 exclusion: statue
D:5 Blork the orc


Innate Abilities, Weirdness & Mutations

You may rarely emit foul miasma when damaged in melee.
You are partially covered in sharp spines.
You have an unusually large brain. (Int +2)
You have large cloven feet.
You are agile. (Dex +2)


Message History

Okay, then.
There is a shimmering altar of Xom here.
The scorpion stings you!
* * * LOW HITPOINT WARNING * * *
You are lethally poisoned!
The scorpion poisons you!
You emit a cloud of foul miasma!
* * * LOW HITPOINT WARNING * * *
You feel very sick.
The scorpion is engulfed in dark miasma.
The scorpion is poisoned.
It was a potion of cancellation.
You feel magically purged.
Xom thinks this is hilarious!
* * * LOW HITPOINT WARNING * * *
You feel very sick. The scorpion is struck by your spines.
You kill the scorpion!
Your Dodging skill increases to level 3!
It was a potion of degeneration.
There was something very wrong with that liquid.
You feel weakened.
You feel dopey.
You feel clumsy.
* * * LOW HITPOINT WARNING * * *
You feel sick.
It was a potion of heal wounds.
You feel much better.
Xom roars with laughter!
You feel sick. The acid dragon closely misses you.
The acid dragon claws you but does no damage.
You feel sick.
You feel sick.
You feel sick.
You feel sick.
It was a potion of invisibility.
You fade into invisibility!
You feel sick.
You are no longer poisoned.
The acid dragon spits acid at you. The splash of acid hits you!
* * * LOW HITPOINT WARNING * * *
You are splashed with acid!
You die...
Xom chortles!

♣♣P.P♣...<..♣.♣...............
♣......♣............[....####.
♣♣♣.P.♣♣....♣)♣.####..........
♣.P♣♣####_.....###..........
♣♣♣♣.>._._♣.♣..)............
##....__..†..............
#.#######...########.#.# #.#
####..## #.#.# #.####.@DO.#
#...# #_.....##..# #.#.#
######..#..#### ###.#..
#.......#..##.####.....#
#######.###.........#........#
#.................#.#........#
#.#####.##.##.##.##.#........#
#.#####....#...#....#(........
#.......##.#...#..#.####....#.


You could see an acid dragon (catching breath) and an ogre.

Vanquished Creatures
  2 necrophages
  2 scorpions (D:4)
  A killer bee (D:5)
  An iguana (D:4)
  Ijyb (D:3)
  An orc wizard (D:3)
  A howler monkey zombie (D:5)
  3 adders
  An ufetubus (D:2)
  3 dart slugs
  2 orcs (D:3)
  5 bats
  2 endoplasms
  2 giant cockroaches
  5 hobgoblins
  4 jackals (D:3)
  8 kobolds
  A quokka (D:1)
  5 ball pythons (D:1)
  2 frilled lizards
  6 goblins
  6 rats
64 creatures vanquished.

Vanquished Creatures (collateral kills)
  Sigmund (D:3)
  An orc (D:3)
2 creatures vanquished.

Vanquished Creatures (others)
  An adder (D:5)
  6 plants (D:4)
7 creatures vanquished.

Grand Total: 73 creatures vanquished

Notes
Turn   | Place    | Note
-------+----------+-------------------------------------------
     0 | D:1      | Gabide the Demonspawn Chaos Knight began the quest for the
                  | Orb.
     0 | D:1      | Reached XP level 1. HP: 18/18 MP: 1/1
    25 | D:1      | Noticed an eye of devastation
    27 | D:1      | Found a faded altar of an unknown god.
    32 | D:1      | Noticed an eye of devastation
    32 | D:1      | Noticed a shining eye
    32 | D:1      | Noticed a shining eye
   267 | D:1      | Reached skill level 3 in Long Blades
   323 | D:1      | XOM: silly message
   442 | D:1      | XOM: divination: detect creatures
   469 | D:1      | Gained mutation: You are partially covered in sharp spines.
                  | [demonic ancestry]
   469 | D:1      | Reached XP level 2. HP: 16/24 MP: 2/2
   646 | D:1      | XOM: summons 1 hostile shadow creature
   762 | D:1      | XOM: noise
   832 | D:1      | XOM: 6-stop teleportation journey
  1226 | D:2      | Gained mutation: You may rarely emit foul miasma when
                  | damaged in melee. [demonic ancestry]
  1226 | D:2      | Reached XP level 3. HP: 27/29 MP: 3/3
  1307 | D:2      | XOM: stat loss: -1 Dex (11/12)
  1342 | D:2      | Reached skill level 1 in Dodging
  1450 | D:2      | Found Rilererch's Jewellery Emporium.
  1456 | D:2      | Found a bloodstained altar of Trog.
  1579 | D:2      | You fall into a shaft and drop 1 floor!
  1602 | D:3      | XOM: summons 2 friendly demons
  1621 | D:3      | Reached skill level 4 in Long Blades
  1621 | D:3      | Gained mutation: You have an unusually large brain. (Int
                  | +2) [demonic ancestry]
  1621 | D:3      | Reached XP level 4. HP: 13/35 MP: 4/4
  1905 | D:3      | Found Baerinir's Book Boutique.
  1967 | D:3      | Noticed Sigmund
  1971 | D:3      | XOM: blink monster(s)
  1977 | D:3      | XOM: divination: detect creatures
  1979 | D:3      | Killed Sigmund
  1980 | D:3      | Reached XP level 5. HP: 34/41 MP: 5/5
  2061 | D:3      | XOM: confuse monster(s)
  2242 | D:3      | Noticed Ijyb
  2246 | D:3      | XOM: potion effect (might)
  2248 | D:3      | Killed Ijyb
  2249 | D:3      | Reached skill level 5 in Long Blades
  2310 | D:3      | Found a shadowy altar of Dithmenos.
  2628 | D:4      | Reached XP level 6. HP: 36/48 MP: 6/6
  2718 | D:4      | XOM: divination: detect items
  2746 | D:4      | Found a radiant altar of Vehumet.
  3016 | D:4      | XOM: 1-stop teleportation journey
  3533 | D:5      | Entered Level 5 of the Dungeon
  3537 | D:5      | XOM: scenery: summon butterflies
  3603 | D:5      | Noticed a sky beast
  3610 | D:5      | XOM: divination: detect items
  3614 | D:5      | Noticed Blork the orc
  3619 | D:5      | Noticed an acid dragon
  3619 | D:5      | XOM: polymorph something unseen -> acid dragon
  3633 | D:5      | XOM: divine lightning
  3696 | D:4      | XOM: give mutations
  3696 | D:4      | Gained mutation: You have large cloven feet. [Xom's grace]
  3696 | D:4      | Gained mutation: You are agile. (Dex +2) [Xom's grace]
  3814 | D:5      | XOM: polymorph iguana -> killer bee
  3821 | D:4      | Reached XP level 7. HP: 34/54 MP: 7/7
  3863 | D:4      | XOM: scenery: create altars
  3887 | D:4      | XOM: god gift: 23 gold pieces
  3959 | D:4      | HP: 2/54 [poisoned by a scorpion]
  3966 | D:4      | Splashed by an acid dragon's acid

Illustrated notes

Levels and vault maps discovered:
D:1:      kennysheep_arrival_forest, layout_loops_ring,
          hellmonk_ecumenical_altar_watching_god, serial_forest,
          infiniplex_forest_straight_1, infiniplex_forest_zigzag_1,
          infiniplex_forest_clump_tiny, infiniplex_forest_pool,
          infiniplex_forest_clump_C, infiniplex_forest_lined_2,
          infiniplex_forest_end_double, infiniplex_forest_corner_1,
          minmay_misc_feat_tower
D:2:      layout_rooms, serial_shops, shop, basic_altar, minmay_hedge_maze,
          minmay_strange_pillars, hangedman_decor_opposing
D:3:      layout_basic, mainiacjoe_overflow_cross_hatched, serial_shops,
          shop_statue, minmay_crystal_room, minmay_tree_intersection,
          uniq_sigmund, uniq_ijyb
D:4:      layout_basic, vehumet_statue, serial_forest,
          infiniplex_forest_lined_3, infiniplex_forest_end_2,
          infiniplex_forest_lined_corner, infiniplex_forest_split,
          infiniplex_forest_zigzag_1, infiniplex_forest_clump_medium,
          infiniplex_forest_lined_3, infiniplex_forest_clump_C,
          infiniplex_forest_end_3, infiniplex_forest_end_2,
          minmay_misc_feat_encased
D:5:      gammafunk_steamed_eel, layout_cave_pools, uniq_blork_the_orc

Skill      XL: |  1  2  3  4  5  6  7 |
---------------+----------------------+-----
Long Blades    | 3 4 5 |  5.9
Armour         | 2 3 |  3.1
Dodging        | 1 2 3 |  3.0
Fighting       | 4 |  4.0
Unarmed Combat | |  0.7

Action                   |  1- 3 |  4- 6 |  7- 9 || total
-------------------------+-------+-------+-------++-------
Melee: Falchion          |    86 |    67 |       ||   153
       Unarmed           |       |     6 |       ||     6
       Kick              |       |     1 |       ||     1
       Punch             |       |     1 |       ||     1
Evoke: Wand              |       |     2 |       ||     2
  Use: Scroll            |     4 |     3 |       ||     7
       Potion            |       |       |     4 ||     4
 Stab: Paralysed         |     4 |       |       ||     4
       Confused          |     1 |       |       ||     1
Armor: Leather armour    |    35 |    38 |     9 ||    82
Dodge: Dodged            |    46 |    33 |     8 ||    87
       Rpst.: Falchion   |    15 |     6 |     1 ||    22
